 Dungeon Crawl Stone Soup version 0.29.0-13-gc9e81de378 (webtiles) character file.

Game seed: 6698185142810175469

1134 SensoryNuts the Chopper (level 8, -8/51 (60) HPs)
             Began as a Vampire Fighter on Sept 8, 2022.
             Mangled by a wight
             ... wielding a +5 halberd
              (10 damage)
             ... on level 5 of the Dungeon.
             The game lasted 00:08:26 (3990 turns).

SensoryNuts the Chopper (Vampire Fighter)           Turns: 3990, Time: 00:08:27

HP:   -8/51 (60)    AC:  8    Str: 13    XL:     8   Next: 14%
MP:   8/8           EV:  9    Int: 11    God:
Gold: 288           SH:  5    Dex: 15    Spells: 7/7 levels left

rFire   . . .      SeeInvis +   f - +8 mithril axe "Arga" {speed, Will+}
rCold   . . .      Faith    .   c - +0 buckler
rNeg    . . .      Spirit   .   b - +0 scale mail
rPois   .          Reflect  .   (helmet restricted)
rElec   .          Harm     .   j - +0 cloak
rCorr   .          Rampage  .   (no gloves)
Will    +....      Clarity  +   (no boots)
Stlth   +.........              (no amulet)
HPRegen 0.37/turn               (no ring)
MPRegen 0.11/turn               (no ring)

@: healing quickly, heavily drained
A: alive, fangs 3, see invisible, vampiric 2, antennae 1, clarity, weak 1
a: Exsanguinate


You were on level 5 of the Dungeon.
You visited 2 branches of the dungeon, and saw 6 of its levels.

You collected 288 gold pieces.

Inventory:

Hand Weapons
 a - a +1 rapier of freezing
 f - the +8 mithril axe "Arga" (weapon) {speed, Will+}
   (You acquired it on level 1 of the Dungeon)

   Attacks with this weapon are significantly faster.
   Will:      It increases your willpower.
Armour
 b - a +0 scale mail (worn)
 c - a +0 buckler (worn)
 j - a +0 cloak (worn)
Jewellery
 e - a ring of willpower
 k - an amulet of the acrobat
 t - an amulet of reflection
Wands
 l - a wand of flame (33)
 r - a wand of mindburst (17)
Scrolls
 d - a scroll of enchant weapon
 h - 2 scrolls of teleportation
 i - a scroll of summoning
 n - 2 scrolls of identify
 q - a scroll of fog {unknown}
 s - a scroll of fear {unknown}
Potions
 g - 2 potions of magic
 o - 2 potions of attraction
 p - a potion of curing


   Skills:
 + Level 3.9 Fighting
 - Level 2.5 Short Blades
 * Level 6.7 Axes
 + Level 4.0 Armour
 + Level 1.7 Dodging
 - Level 1.7 Stealth
 + Level 3.2 Shields


You had 7 spell levels left.
You didn't know any spells.
Your spell library contained the following spells:

 Spells                   Type           Power      Damage    Failure   Level
 Freeze                   Ice            0%         1d3       90%         1
 Sandblast                Erth           0%         2d4       90%         1
 Passwall                 Tmut/Erth      0%         N/A       97%         2
 Static Discharge         Conj/Air       0%         3-3/arc   97%         2
 Frozen Ramparts          Ice            0%         1d1       99%         3
 Stone Arrow              Conj/Erth      0%         3d7       99%         3
 Dispel Undead            Necr           0%         3d6       100%        4
 Hailstorm                Conj/Ice       0%         3d3       100%        4
 Sticky Flame             Conj/Fire      0%         2d3       100%        4


Dungeon Overview and Level Annotations

Branches:
Dungeon (5/15)             Temple (1/1) D:4

Altars:
Ashenzari
Dithmenos
Hepliaklqana
Kikubaaqudgha
Makhleb
Nemelex Xobeh
Okawaru
Qazlal
Sif Muna
Trog
Uskayaw
Wu Jian
Xom
Yredelemnul


Innate Abilities, Weirdness & Mutations

Your natural rate of healing is accelerated.
You have razor-sharp teeth.
You have supernaturally acute eyesight. (SInv)
You are afflicted with vampirism and can become a bat while bloodless.
You have a pair of small antennae on your head.
You possess an exceptional clarity of mind.
You are weak. (Str -2)


Message History

You are too injured to fight recklessly!
You are too injured to fight recklessly!
You are too injured to fight recklessly!
You are too injured to fight recklessly!
You are too injured to fight recklessly!
You are too injured to fight recklessly!
You are too injured to fight recklessly!
You are too injured to fight recklessly!
You are too injured to fight recklessly!
Unknown command.
You see here a +0 leather armour.
Okay, then.
It was a potion of curing.
You feel better. The wight hits you with a +0 hand axe.
The wight hits you from afar with a +5 halberd.
You closely miss the wight.
The wight hits you from afar with a +5 halberd.
You feel drained. The wight closely misses you.
The wight hits you with a +5 halberd!
* * * LOW HITPOINT WARNING * * *
You feel drained.
* * * LOW HITPOINT WARNING * * *
You feel better. The wight hits you with a +0 hand axe.
* * * LOW HITPOINT WARNING * * *
You feel drained.
* * * LOW HITPOINT WARNING * * *
The wight hits you but does no damage.
You feel better. The wight hits you with a +0 hand axe!
* * * LOW HITPOINT WARNING * * *
You feel drained.
* * * LOW HITPOINT WARNING * * *
The wight hits you with a +5 halberd!
* * * LOW HITPOINT WARNING * * *
You feel drained.
* * * LOW HITPOINT WARNING * * *
As you read the scroll of summoning, it crumbles to dust.
Wisps of shadow whirl around you... The wight closely misses you.
The wight hits your dart slug with a +0 hand axe.
The wight hits you with a +5 halberd!
You die...

#.#.....#.....#.####
#.'##'##'##+##'.# #
##.#..#.....#..#.### #
#..#..#'###+#.g#...#######.# #
#.##..#(....#..#.#.........#
####..+..+.._..+..g.###########
.....##..#.....#Jg#.#
#######..#+###+#.w#.# # #..#
#@z#.# . #z##+.# # ..r ### #...
+##+


You could see 2 wights, a friendly jelly (summoned), 3 friendly gnolls, a
friendly dart slug (summoned) and a friendly quokka (summoned).

Vanquished Creatures
  An ogre (D:5)
  2 phantoms
  A bullfrog (D:4)
  3 scorpions
  3 wights (D:5)
  A howler monkey (D:5)
  2 hounds
  An orc priest (D:5)
  3 iguanas (D:5)
  Jessica (D:2)
  An orc wizard (D:5)
  Robin (D:2)
  5 adders
  5 gnolls
  A shadow imp (D:5)
  2 worms
  4 dart slugs
  10 orcs
  12 ball pythons
  8 endoplasms
  3 giant cockroaches
  18 goblins
  5 hobgoblins
  8 jackals
  12 kobolds
  3 quokkas
  9 bats
  4 frilled lizards
  7 rats
136 creatures vanquished.

Notes
Turn   | Place    | Note
-------+----------+-------------------------------------------
     0 | D:1      | SensoryNuts the Vampire Fighter began the quest for the
                  | Orb.
     0 | D:1      | Reached XP level 1. HP: 17/17 MP: 1/1
    62 | D:1      | Reached skill level 1 in Stealth
    80 | D:1      | Reached XP level 2. HP: 20/23 MP: 2/2
   274 | D:1      | Gained mutation: You are afflicted with vampirism and can
                  | become a bat while bloodless. [Vampire growth]
   274 | D:1      | Reached XP level 3. HP: 28/28 MP: 3/3
   653 | D:1      | Identified a scroll of acquirement
   653 | D:1      | Acquired the +8 mithril axe "Arga" {speed, Will+}
   653 | D:1      | Found the +8 mithril axe "Arga" {speed, Will+}
   702 | D:2      | Noticed Robin
   721 | D:2      | Gained mutation: You are weak. (Str -2) [potion of
                  | mutation]
   721 | D:2      | Gained mutation: You possess an exceptional clarity of
                  | mind. [potion of mutation]
   721 | D:2      | Gained mutation: You have a pair of small antennae on your
                  | head. [potion of mutation]
   737 | D:2      | Killed Robin
   820 | D:2      | Noticed Jessica
   824 | D:2      | Reached XP level 4. HP: 30/35 MP: 4/4
   830 | D:2      | Killed Jessica
   831 | D:2      | Reached skill level 1 in Axes
   838 | D:2      | Reached skill level 2 in Axes
   841 | D:2      | Reached XP level 5. HP: 23/41 MP: 5/5
   905 | D:2      | Found an ornate altar of the Wu Jian Council.
  1379 | D:3      | Identified the +6 mace "Topuos" {venom, rElec rN+ Dex-5}
  1470 | D:3      | Found a faded altar of an unknown god.
  1608 | D:3      | Reached skill level 3 in Axes
  2013 | D:4      | Noticed a phantom
  2023 | D:4      | Killed a phantom
  2024 | D:4      | Reached skill level 4 in Axes
  2024 | D:4      | Reached skill level 1 in Dodging
  2024 | D:4      | Reached XP level 6. HP: 35/47 MP: 6/6
  2183 | D:4      | Found a staircase to the Ecumenical Temple.
  2211 | Temple   | Entered the Ecumenical Temple
  2836 | D:4      | Reached skill level 5 in Axes
  3097 | D:3      | Found a shimmering blue altar of Sif Muna.
  3115 | D:5      | Entered Level 5 of the Dungeon
  3126 | D:5      | Reached XP level 7. HP: 45/52 MP: 7/7
  3422 | D:5      | Reached skill level 6 in Axes
  3786 | D:5      | Found a broken altar of Ashenzari.
  3883 | D:5      | Found an iron altar of Okawaru.
  3978 | D:5      | Reached XP level 8. HP: 46/60 MP: 8/8
  3989 | D:5      | HP: 1/51 [wight/+5 halberd (2)]
  3990 | D:5      | Mangled by a wight

Illustrated notes

Levels and vault maps discovered:
D:1:      lemuel_arrival_hallway, layout_basic, feat_on_display
D:2:      minmay_wonky_spiral, layout_rooms, basic_altar, uniq_jessica,
          uniq_robin
D:3:      layout_basic, nicolae_overflow_ecumenical_swirl,
          kennysheep_flooded_box, kennysheep_generic_room_4
D:4:      layout_loops_ring, temple_fountains
D:5:      layout_loops_ring, nicolae_ashenzari_skybound,
          mainiacjoe_overflow_24_doors, gammafunk_temple_overflow_forgotten,
          minmay_fractal_squares_gapless_5
Temple:   minmay_temple_forest_path

Skill      XL: |  1  2  3  4  5  6  7  8 |
---------------+-------------------------+-----
Stealth        | 1 |  1.7
Shields        | 3 |  3.2
Fighting       | 3 |  3.9
Armour         | 3 4 |  4.0
Axes           | 2 4 5 6 |  6.7
Dodging        | 1 |  1.7
Short Blades   | |  2.5

Action                   |  1- 3 |  4- 6 |  7- 9 || total
-------------------------+-------+-------+-------++-------
Melee: Rapier            |    82 |       |       ||    82
       Bite              |    12 |    10 |     5 ||    27
       Broad axe         |    21 |   116 |    63 ||   200
  Use: Scroll            |     5 |     4 |     1 ||    10
       Potion            |     4 |       |     5 ||     9
 Stab: Invisible         |     5 |       |       ||     5
Armor: Scale mail        |    43 |    38 |    11 ||    92
       Skin              |     4 |       |       ||     4
Dodge: Dodged            |    37 |    45 |    15 ||    97
Block: Buckler           |    27 |    31 |     8 ||    66
